 Dungeon Crawl Stone Soup version 0.31.0-1-g2c135a008e (webtiles) character file.

Game seed: 9472960512282032508

6050 Peloso the Carver (level 10, -1/88 (91) HPs)
             Began as a Minotaur Fighter on Jan 20, 2024.
             Was a Believer of Okawaru.
             Shot with an arrow by a centaur warrior (24 damage)
             ... on level 8 of the Dungeon.
             The game lasted 00:21:45 (9260 turns).

Peloso the Carver (Minotaur Fighter)                Turns: 9260, Time: 00:21:47

HP:   -1/88 (91)    AC: 25    Str: 21 (22) XL:     10   Next: 57%
MP:   10/10         EV:  7    Int:  3 (5)  God:    Okawaru [**....]
Gold: 812           SH:  6    Dex: 11 (13) Spells: 9/9 levels left

rFire   . . .        a - +0 long sword
rCold   . . .        d - +0 buckler
rNeg    . . .        c - +0 plate armour
rPois   +            (helmet restricted)
rElec   .            (no cloak)
rCorr   .            (no gloves)
SInv    .            E - +2 pair of boots
Will    .....        (no amulet) Stlth
                     o - ring of poison resistance
HPRegen 0.34/turn    B - ring of the Tortoise {AC+8}
MPRegen 0.12/turn

%: no passive effects
@: lightly drained
A: horns 2, retaliatory headbutt
a: Renounce Religion, Heroism


You were on level 8 of the Dungeon.
You worshipped Okawaru.
Okawaru was pleased with you.
You visited 2 branches of the dungeon, and saw 9 of its levels.
You also visited: Bailey.

You collected 812 gold pieces.

Inventory:

Hand Weapons
 a - a +0 long sword (weapon)
 H - the +7 rapier "Jellybane" {pain, SInv}
   (You took it off a kobold in a bailey)

   SInv:      It lets you see invisible.
Missiles
 F - a throwing net (quivered)
Armour
 b - a +0 scale mail
 c - a +0 plate armour (worn)
 d - a +0 buckler (worn)
 E - a +2 pair of boots (worn)
Jewellery
 m - a ring of protection from cold
 o - a ring of poison resistance (left hand)
 v - a +6 ring of intelligence
 w - a ring of ice
 B - the ring of the Tortoise (right hand) {AC+8}
   (You took it off a kobold in a bailey)

   [ring of protection]

   AC+8:      It affects your AC (+8).
Talismans
 C - a blade talisman
Wands
 D - a wand of polymorph (6)
Scrolls
 g - a scroll of teleportation
 h - 2 scrolls of immolation
 j - a scroll of enchant weapon
 k - 2 scrolls of amnesia
 s - a scroll of blinking {unknown}
 t - 2 scrolls of poison
 y - a scroll of fog {unknown}
 z - a scroll of enchant armour
 I - a scroll of silence {unknown}
Potions
 f - a potion of mutation
 i - a potion of enlightenment
 l - a potion of berserk rage {unknown}
 n - a potion of curing
 p - 2 potions of resistance
 q - 4 potions of might
 r - a potion of invisibility
 x - a potion of magic {unknown}
 A - a potion of degeneration
 G - a potion of heal wounds {unknown}


   Skills:
 + Level 9.2 Fighting
 + Level 11.2 Long Blades
 + Level 9.8 Armour
 + Level 3.1 Dodging
 + Level 1.4 Stealth
 + Level 8.6 Shields
 + Level 1.9 Invocations
 + Level 1.4 Evocations


You had 9 spell levels left.
You didn't know any spells.
Your spell library contained the following spells:

 Spells                   Type           Power      Damage    Failure   Level
 Slow                     Hex            0%         N/A       100%        1
 Jinxbite                 Hex            0%         N/A       100%        2
 Scorch                   Fire           0%         2d5       100%        2
 Confusing Touch          Hex            0%         N/A       100%        3
 Sigil of Binding         Hex            0%         N/A       100%        3
 Vampiric Draining        Necr           0%         2d6       100%        3
 Flame Wave               Conj/Fire      0%         2d4       100%        4
 Borgnjor's Vile Clutch   Necr/Erth      0%         N/A       100%        5
 Yara's Violent Unravell  Hex/Alch       0%         3d3       100%        5
 Starburst                Conj/Fire      0%         6d3       100%        6
 Enfeeble                 Hex            0%         N/A       100%        7
 Summon Cactus Giant      Summ           Unusable   N/A       N/A         6

Dungeon Overview and Level Annotations

Branches:
Dungeon (8/15)             Temple (1/1) D:6          Bailey (visited)
   Lair: D:8-11

Altars:
Ashenzari
Cheibriados
Dithmenos
Elyvilon
Fedhas
Gozag
Hepliaklqana
Kikubaaqudgha
Makhleb
Nemelex Xobeh
Okawaru
Qazlal
Ru
Sif Muna
Trog
Uskayaw
Vehumet
Wu Jian
Xom
Yredelemnul
Zin
The Shining One

Shops:
D:7 (


Innate Abilities, Weirdness & Mutations

You have a pair of horns on your head.
You reflexively headbutt those who attack you in melee.


Message History

The centaur warrior completely misses you.
The centaur warrior unwields the +3 dagger "Utoxty" {venom, Str+5}.
It stops dripping with poison.
The centaur warrior wields a +0 shortbow.
The centaur warrior shoots an arrow.
You block the arrow.
The centaur warrior completely misses you.
The centaur warrior barely misses you.
The centaur warrior shoots an arrow.
The arrow hits you!
The centaur warrior unwields a +0 whip of draining.
The centaur warrior wields a +0 orcbow.
The centaur warrior shoots an arrow.
The arrow hits you but does no damage.
The centaur warrior shoots an arrow.
The arrow hits you.
Unknown command.
Aiming: Mindburst
Press: ? - help, Shift-Dir - straight line, f - centaur warrior
Aim: a centaur warrior, wielding a +0 orcbow (chance to affect: 54%)
The centaur warrior resists with significant effort.
You feel like a meek peon again.
The centaur warrior shoots an arrow.
The arrow hits you.
The centaur warrior shoots an arrow.
The arrow hits you!
The centaur warrior shoots an arrow.
The arrow hits you!
Aiming: Mindburst
Press: ? - help, Shift-Dir - straight line, f/p - centaur warrior
Aim: a centaur warrior, wielding a +0 orcbow (chance to affect: 54%)
The centaur warrior's mind is blasted!
The now-empty wand crumbles to dust.
The centaur warrior shoots an arrow.
The arrow hits you.
The centaur warrior shoots an arrow.
The arrow hits you!
Unknown command.
Aiming: Polymorph
Press: ? - help, Shift-Dir - straight line, f/p - centaur warrior
Aim: a centaur warrior, wielding a +0 orcbow (moderately wounded, will become a skyshark, a torpor snail, or a meliai, chance to affect: 35%)
Okay, then.
It was a potion of degeneration.
There was something very wrong with that liquid.
You feel weakened.
You feel dopey.
You feel clumsy.
The centaur warrior shoots an arrow.
The arrow closely misses you.
The centaur warrior shoots an arrow.
The arrow hits you.
* * * LOW HITPOINT WARNING * * *
The centaur warrior shoots an arrow.
The arrow hits you!!
You die...

..8 ### ..# #..##
.8 #!|##.W.##.#
..TDc....#.#
#########.# #..#
.#########T##
#......@.c##
#.#######c#
#.......##
#.#####.#
.....##.....##
......#.###.#....
......##...##.....
.......#.#.#......
..##...##)##.....#


You could see 2 centaur warriors and a troll.

Vanquished Creatures
  A catoblepas (D:8)
  A two-headed ogre (D:8)
  A shadow (D:8)
  3 water moccasins
  An acid dragon (D:8)
  2 ice beasts (D:7)
  4 sky beasts
  3 black bears
  5 orc warriors (Bailey)
  A centaur (D:6)
  6 kobold brigands
  3 bullfrogs
  3 gnoll sergeants
  3 scorpions
  4 wights (D:8)
  14 killer bees
  A vampire bat (D:5)
  A bombardier beetle (D:5)
  2 quasits (D:5)
  3 jellies
  4 hounds
  2 gnoll boudas
  2 sleepcaps
  Ijyb (D:4)
  An iguana (D:4)
  2 orc wizards (D:7)
  14 gnolls
  6 adders
  6 shadow imps (D:5)
  7 white imps
  6 ufetubi
  2 dart slugs
  3 fire bats (D:5)
  13 orcs
  2 spectral bats (D:5)
  3 bat skeletons (D:5)
  A bat zombie (D:5)
  10 endoplasms
  8 giant cockroaches
  11 goblins
  6 hobgoblins
  6 jackals
  4 quokkas
  14 ball pythons
  13 bats
  A bat simulacrum (D:5)
  6 frilled lizards
  25 kobolds
  7 rats
248 creatures vanquished.

Vanquished Creatures (others)
  A vampire (D:8)
1 creature vanquished.

Grand Total: 249 creatures vanquished

Notes
Turn   | Place    | Note
-------+----------+-------------------------------------------
     0 | D:1      | Peloso the Minotaur Fighter began the quest for the Orb.
     0 | D:1      | Reached XP level 1. HP: 19/19 MP: 0/0
   146 | D:1      | Reached XP level 2. HP: 23/27 MP: 1/1
   174 | D:1      | Found a faded altar of an unknown god.
   563 | D:1      | Reached XP level 3. HP: 30/33 MP: 2/2
  1063 | D:2      | Reached skill level 3 in Long Blades
  1299 | D:2      | Reached skill level 1 in Dodging
  1445 | D:2      | Reached XP level 4. HP: 40/40 MP: 3/3
  1664 | D:3      | Found a blossoming altar of Fedhas.
  2092 | D:4      | Noticed a scorpion
  2099 | D:4      | Killed a scorpion
  2100 | D:4      | Reached skill level 4 in Long Blades
  2100 | D:4      | Reached XP level 5. HP: 40/46 MP: 4/4
  2121 | D:4      | Found a basalt altar of Yredelemnul.
  2121 | D:4      | Found a white marble altar of Elyvilon.
  2278 | D:4      | Found a broken altar of Ashenzari.
  2347 | D:4      | Noticed Ijyb
  2361 | D:4      | Killed Ijyb
  2362 | D:4      | Reached skill level 5 in Armour
  2569 | D:4      | Noticed a black bear
  2572 | D:4      | Killed a black bear
  2573 | D:4      | Reached XP level 6. HP: 53/53 MP: 5/5
  2625 | D:4      | Noticed a +0 dagger
  2625 | D:4      | Noticed a +0 hand axe
  2626 | D:4      | Found a hide-covered altar of Uskayaw.
  2633 | D:4      | Reached skill level 5 in Long Blades
  2785 | D:3      | Got the Secrets of Exothermic Exhumation
  2968 | D:4      | Found an ornate altar of the Wu Jian Council.
  3384 | D:4      | Found a glowing golden altar of the Shining One.
  3589 | D:5      | Entered Level 5 of the Dungeon
  3868 | D:5      | Reached skill level 5 in Fighting
  3902 | D:5      | Reached XP level 7. HP: 61/61 MP: 6/6
  3926 | D:5      | Reached skill level 5 in Shields
  3939 | D:5      | Reached skill level 6 in Long Blades
  4271 | D:5      | Found a radiant altar of Vehumet.
  5488 | D:5      | Reached XP level 8. HP: 68/70 MP: 7/7
  5996 | D:6      | Found a staircase to the Ecumenical Temple.
  6147 | D:6      | Reached skill level 7 in Long Blades
  6396 | Temple   | Entered the Ecumenical Temple
  6409 | Temple   | Became a worshipper of Warmaster Okawaru
  6527 | D:6      | Reached skill level 8 in Long Blades
  6649 | D:6      | Found a bloodstained altar of Trog.
  6978 | D:6      | Reached skill level 1 in Stealth
  7027 | D:6      | Reached * piety under Okawaru
  7028 | D:6      | Reached XP level 9. HP: 72/79 MP: 8/8
  7059 | D:7      | Found Woariyt's Weapon Emporium.
  7359 | D:7      | Reached skill level 9 in Long Blades
  8079 | D:8      | Reached ** piety under Okawaru
  8146 | D:8      | Reached skill level 10 in Long Blades
  8153 | D:8      | Found a flagged portal.
  8261 | Bailey   | Entered a bailey
  8605 | Bailey   | Identified the +7 rapier "Jellybane" {pain, SInv}
  8639 | Bailey   | Reached skill level 1 in Invocations
  8842 | Bailey   | Reached XP level 10. HP: 90/90 MP: 7/9
  8921 | Bailey   | Found an iron altar of Okawaru.
  9047 | D:8      | Noticed a two-headed ogre
  9064 | D:8      | Killed a two-headed ogre
  9074 | D:8      | Reached skill level 1 in Evocations
  9127 | D:8      | Noticed a catoblepas
  9145 | D:8      | Killed a catoblepas
  9146 | D:8      | Reached skill level 11 in Long Blades
  9228 | D:8      | Identified the +3 dagger "Utoxty" {venom, Str+5}
  9228 | D:8      | Noticed a centaur warrior
  9253 | D:8      | Noticed a centaur warrior
  9260 | D:8      | Shot with an arrow by a centaur warrior

Illustrated notes

Levels and vault maps discovered:
D:1:      amcnicky_arrival_blooded_trapdoor, layout_loops_corners,
          hellmonk_ecumenical_altar_heavens_door
D:2:      layout_loops_cross, st_stairs_3
D:3:      layout_basic, mainiacjoe_overflow_surrounded_room, minmay_diced_spiral
D:4:      layout_basic, mainiacjoe_overflow_alcove_4, dancing_weapons_uskayaw,
          grunt_temple_overflow_open, nicolae_tso_swordbearing_angel,
          serial_library, serial_library_hellmonk_u_bend,
          serial_library_hellmonk_room_b, serial_library_hellmonk_h_bend,
          serial_library_hellmonk_h_bend,
          serial_library_regret_index_branch_corner,
          serial_library_hellmonk_open_square, serial_library_hellmonk_h_bend,
          serial_library_regret_index_multi, serial_library_hellmonk_semicircle,
          serial_library_hellmonk_open_cross, uniq_ijyb
D:5:      layout_gridville, fiery_altar_vehumet, serial_demonic,
          serial_demonic_d, serial_demonic_b, serial_demonic_c,
          serial_demonic_b, serial_demonic_f, serial_demonic_f,
          serial_demonic_c, serial_demonic_g, minmay_misc_feat_square,
          grunt_decor_junction, goddamned_bats
D:6:      layout_loops_ring, lightli_temple_of_fire, minmay_temple_entry_arrows
D:7:      layout_rooms, serial_curves, eino_curves_02, eino_curves_03,
          serial_shops, shop
D:8:      minmay_the_grid_triangle_9x9_recursive_2
          [minmay_the_grid_triangle_9x9_prize_schism,
          minmay_the_grid_triangle_9x9_limited_checkers,
          minmay_the_grid_triangle_9x9_shrine,
          minmay_the_grid_triangle_9x9_flanged_cone], layout_rooms,
          david_lair_generic, enter_bailey_3
Temple:   compressed_dpeg_triangle_lava_temple

Skill      XL: |  1  2  3  4  5  6  7  8  9 10 |
---------------+-------------------------------+-----
Armour         | 4 5 6 8 9 |  9.8
Shields        | 4 5 6 7 8 |  8.6
Fighting       | 4 5 6 7 8 9 |  9.2
Long Blades    | 3 4 5 6 8 10 11 | 11.2
Dodging        | 1 2 3 |  3.1
Stealth        | 1 |  1.4
Invocations    | 1 |  1.9
Evocations     | 1 |  1.4

Action                     |  1- 3 |  4- 6 |  7- 9 | 10-12 || total
---------------------------+-------+-------+-------+-------++-------
  Melee: Long sword        |    95 |   154 |   496 |    78 ||   823
         Headbutt          |    13 |    25 |    82 |    20 ||   140
 Invoke: Heroism           |       |       |     5 |     6 ||    11
  Evoke: Wand              |       |       |     2 |    15 ||    17
    Use: Potion            |     2 |     1 |     3 |     1 ||     7
         Scroll            |     1 |     5 |     6 |       ||    12
 Armour: Scale mail        |    60 |     9 |       |       ||    69
         Plate armour      |       |   167 |   705 |    66 ||   938
  Dodge: Dodged            |    37 |    64 |   266 |    25 ||   392
  Block: Buckler           |    26 |    40 |   178 |    18 ||   262
